 Dungeon Crawl Stone Soup version 0.18-a0-1180-g64ccc1e (webtiles) character file.

182 kae the Insei (level 5, -2/37 HPs)
             Began as a Demonspawn Transmuter on Jan 27, 2016.
             Was an Initiate of Okawaru.
             Slain by an orc
             ... wielding a +0 war axe
              (8 damage)
             ... on level 3 of the Dungeon.
             The game lasted 00:03:26 (3390 turns).

kae the Insei (Demonspawn Transmuter)               Turns: 3390, Time: 00:03:27

Health: -2/37      AC: 11    Str: 10    XL:     5   Next: 35%
Magic:  8/8        EV: 14    Int: 15    God:    Okawaru [......]
Gold:   155        SH:  0    Dex: 12    Spells: 1 memorised, 7 levels left

rFire  . . .     SeeInvis .       - Unarmed
rCold  . . .     Gourm    .     b - +0 robe
rNeg   . . .     Faith    .     (no shield)
rPois  .         Spirit   .     (no helmet)
rElec  .         Dismiss  .     g - +0 cloak
rCorr  .         Reflect  .     (no gloves)
SustAt .         Harm     .     k - +0 pair of boots
MR     .....                    (no amulet)
Stlth  +++.......               (no ring)
                                j - +2 ring of evasion

@: not resistant to hostile enchantments, fairly stealthy
A: rough black scales 2, nightstalker 2
a: Renounce Religion


You were on level 3 of the Dungeon.
You worshipped Okawaru.
Okawaru was noncommittal.
You were not hungry.

You visited 1 branch of the dungeon, and saw 3 of its levels.

You collected 155 gold pieces.

Inventory:

Missiles
 a - 12 arrows
Armour
 b - a +0 robe (worn)
 g - a +0 cloak (worn)
 k - a +0 pair of boots (worn)
Jewellery
 e - a cursed ring of loudness {unknown}
 i - an uncursed ring of sustain attributes {unknown}
 j - a +2 ring of evasion (left hand)
Scrolls
 m - a scroll of amnesia
Books
 c - a book of Changes

   Spells                             Type                      Level
   a - Beastly Appendage              Transmutation                1
   b - Sticks to Snakes               Transmutation                2
   c - Spider Form                    Transmutation/Poison         3
   d - Ice Form                       Ice/Transmutation            4
   e - Blade Hands                    Transmutation                5
Comestibles
 d - 2 bread rations
 h - a beef jerky
 l - a meat ration


   Skills:
 - Level 1.0 Fighting
 - Level 1.7 Dodging
 + Level 5.5 Unarmed Combat
 - Level 2.0 Spellcasting
 - Level 1.7 Transmutations


You had 7 spell levels left.
You knew the following spells:

 Your Spells              Type           Power        Failure   Level  Hunger
a - Beastly Appendage     Trmt           #.....       12%         1    #......


Dungeon Overview and Level Annotations

Branches:
Dungeon (3/15)

Altars:
Okawaru

Annotations:
D:2 Sigmund
D:3 kae's ghost, weakling DsMo


Innate Abilities, Weirdness & Mutations

You are mostly covered in rough black scales (AC +7, Dex -2).
You are significantly more attuned to the shadows.


Message History

Unknown command.
You punch the orc priest!
You kill the orc priest!
Okawaru accepts your kill. The orc closely misses you.
Unknown command.
Things that are here:
a mace; a chain mail; an orc corpse The orc hits you but does no damage.
An orc comes into view. It is wielding a war axe.
You closely miss kae's ghost.
Kae's ghost turns its malevolent gaze towards you.
Your horns disappear.
The orc shouts!
The orc closely misses you. The orc completely misses you.
Kae's ghost hits you.
* * * LOW HITPOINT WARNING * * *
The orc misses you. The orc hits you with a war axe!
You die...

##################...............
#>...÷#.#.#.#.#.#.#.#
...###............... .
####.#.#.#.#.#.#.# .
+.##......######## ...
#.###.....# ....#.# #.÷...#
....#.# #.....# #....@###.....#
##...oo.#.....# #.##o.W#.#+###
####.##)..#.# ......÷...).#
.....)......# ...............
............#.#. .........#..#.#


You could see kae's ghost and 3 orcs.

Vanquished Creatures
  2 orc priests (D:3)
  Jessica (D:3)
  5 adders
  A giant gecko (D:2)
  3 giant cockroaches (D:1)
  5 goblins
  7 hobgoblins
  5 jackals
  7 kobolds
  3 quokkas (D:2)
  A ball python (D:3)
  6 bats
  2 giant newts (D:1)
  4 rats
52 creatures vanquished.

Notes
Turn   | Place    | Note
--------------------------------------------------------------
     0 | D:1      | kae the Demonspawn Transmuter began the quest for the Orb.
     0 | D:1      | Reached XP level 1. HP: 15/15 MP: 3/3
   166 | D:1      | Reached skill level 3 in Unarmed Combat
   179 | D:1      | Gained mutation: You are slightly more attuned to the shadows. [demonic ancestry]
   179 | D:1      | Reached XP level 2. HP: 1/21 MP: 5/5
   861 | D:1      | You fall through a shaft!
  1107 | D:1      | Gained mutation: You are partially covered in rough black scales (AC +4, Dex -1). [demonic ancestry]
  1107 | D:1      | Reached XP level 3. HP: 13/26 MP: 6/6
  1411 | D:2      | Reached skill level 4 in Unarmed Combat
  1758 | D:2      | Noticed Sigmund
  2255 | D:2      | Found an iron altar of Okawaru.
  2276 | D:2      | Gained mutation: You are mostly covered in rough black scales (AC +7, Dex -2). [demonic ancestry]
  2276 | D:2      | Reached XP level 4. HP: 20/32 MP: 7/7
  2480 | D:2      | Became a worshipper of Warmaster Okawaru
  2749 | D:3      | Noticed kae's ghost (weakling DsMo)
  3321 | D:3      | Noticed Jessica
  3333 | D:3      | Killed Jessica
  3333 | D:3      | Reached skill level 5 in Unarmed Combat
  3380 | D:3      | Gained mutation: You are significantly more attuned to the shadows. [demonic ancestry]
  3380 | D:3      | Reached XP level 5. HP: 12/37 MP: 6/8
  3390 | D:3      | Slain by an orc

Vault maps used:
D:1:      nicolae_arrival_somewhat_less_tricky_arrival
D:2:      okawaru_trees_2, uniq_sigmund
D:3:      old_standard_altar, first_bread, minmay_splitting_lines, st_stairs_12,
          serial_park_tiny_pond, uniq_robin, uniq_jessica, uniq_iyjb

Action                   |  1- 3 |  4- 6 || total
-------------------------+-------+-------++-------
Melee: Unarmed           |   193 |    94 ||   287
 Cast: Beastly Appendage |     8 |     5 ||    13
  Use: Scroll            |     5 |     1 ||     6
       Potion            |     2 |       ||     2
 Stab: Sleeping          |     2 |       ||     2
  Eat: Chunk             |     4 |     4 ||     8
